TOP OF THE 1ST |
Monroe Mallards batting - Pitching for Yellowknife Claws : RHP Roberto Martínez
|
Pitching: RHP Roberto Martínez
|
|
Batting: RHB Anselmo Espinoza
|
0-0: Ball 1-0: Called Strike 1-1: Ground out U3 (Groundball, 34S)
|
Batting: SHB Jerry Vaughn
|
0-0: Called Strike 0-1: Fly out, F9 (Flyball, 9)
|
Batting: RHB Shannon Watson
|
0-0: SINGLE (Groundball, 56D)
|
Batting: LHB José Trindade
|
0-0: Called Strike 0-1: Ball 1-1: Foul Ball, location: 2F 1-2: Strikes out looking
|
Top of the 1st over - 0 runs, 1 hit, 0 errors, 1 left on base; Monroe 0 - Yellowknife 0 |
BOTTOM OF THE 1ST |
Yellowknife Claws batting - Pitching for Monroe Mallards : RHP Esteban Trevino
|
Pitching: RHP Esteban Trevino
|
|
Batting: RHB Mike Morrow
|
0-0: Called Strike 0-1: Ball 1-1: Swinging Strike 1-2: Strikes out looking
|
Batting: RHB Preston Church
|
0-0: Ball 1-0: Ball 2-0: SINGLE (Line Drive, 9S)
|
Batting: LHB Richard Shelton
|
0-0: Called Strike 0-1: Foul Ball, location: 2F 0-2: Ball 1-2: Foul Ball, location: 2F 1-2: Ball 2-2: Foul Ball, location: 2F 2-2: Foul Ball, location: 2F 2-2: Strikes out looking
|
Batting: RHB Tomás Díaz
|
0-0: Ball Passed Ball! Preston Church to second 1-0: Ball 2-0: Called Strike 2-1: Ball 3-1: Swinging Strike 3-2: Foul Ball, location: 2F 3-2: Base on Balls
|
Batting: RHB Ernesto Sánchez
|
0-0: Ball 1-0: Called Strike 1-1: Ball 2-1: Fly out, F8 (Flyball, 8RM)
|
Bottom of the 1st over - 0 runs, 1 hit, 0 errors, 2 left on base; Monroe 0 - Yellowknife 0 |
TOP OF THE 2ND |
Monroe Mallards batting - Pitching for Yellowknife Claws : RHP Roberto Martínez
|
Batting: RHB David Leslie
|
0-0: Called Strike 0-1: Ball 1-1: Foul Ball, location: 2F 1-2: Ball 2-2: Ground out 6-3 (Groundball, 56)
|
Batting: RHB Anthony O'Bryan
|
0-0: Called Strike 0-1: Called Strike 0-2: Foul Ball, location: 2F 0-2: Ball 1-2: Strikes out swinging
|
Batting: RHB Jorge Vázquez
|
0-0: Ground out 6-3 (Groundball, 6)
|
Top of the 2nd over - 0 runs, 0 hits, 0 errors, 0 left on base; Monroe 0 - Yellowknife 0 |
BOTTOM OF THE 2ND |
Yellowknife Claws batting - Pitching for Monroe Mallards : RHP Esteban Trevino
|
Batting: LHB Mike Bowers
|
0-0: Called Strike 0-1: Foul Ball, location: 2F 0-2: Ball 1-2: Ball 2-2: Foul Ball, location: 2F 2-2: Ball 3-2: Fly out, F7 (Line Drive, 78D)
|
Batting: LHB Otis Campbell
|
0-0: Ball 1-0: Called Strike 1-1: Foul Ball, location: 2F 1-2: Ball 2-2: SINGLE (Groundball, 4MD)
|
Batting: RHB Bartolo Luján
|
0-0: Ball Otis Campbell steals 2nd base 1-0: Ball 2-0: Called Strike 2-1: Foul Ball, location: 2F 2-2: Strikes out swinging
|
Batting: LHB Ramón Reynoso
|
0-0: Called Strike 0-1: Ball 1-1: Ball 2-1: Called Strike 2-2: Foul Ball, location: 2F 2-2: Fly out, F9 (Flyball, 9D)
|
Bottom of the 2nd over - 0 runs, 1 hit, 0 errors, 1 left on base; Monroe 0 - Yellowknife 0 |
TOP OF THE 3RD |
Monroe Mallards batting - Pitching for Yellowknife Claws : RHP Roberto Martínez
|
Batting: RHB Benito Bo
|
0-0: Called Strike 0-1: Called Strike 0-2: Foul Ball, location: 2F 0-2: Strikes out swinging
|
Batting: RHB Jarrett Marshall
|
0-0: Ball 1-0: Ball 2-0: Ball 3-0: Called Strike 3-1: Swinging Strike 3-2: Foul Ball, location: 2F 3-2: Fly out, F7 (Flyball, 78M)
|
Batting: RHB Anselmo Espinoza
|
0-0: Called Strike 0-1: Swinging Strike 0-2: Strikes out swinging
|
Top of the 3rd over - 0 runs, 0 hits, 0 errors, 0 left on base; Monroe 0 - Yellowknife 0 |
BOTTOM OF THE 3RD |
Yellowknife Claws batting - Pitching for Monroe Mallards : RHP Esteban Trevino
|
Batting: RHB Mike Morrow
|
0-0: Ball 1-0: Called Strike 1-1: Fly out, F8 (Line Drive, 8RM)
|
Batting: RHB Preston Church
|
0-0: Ball 1-0: Called Strike 1-1: Called Strike 1-2: Fly out, F9 (Flyball, 89M)
|
Batting: LHB Richard Shelton
|
0-0: Ball 1-0: Foul Ball, location: 2F 1-1: Foul Ball, location: 2F 1-2: Ball 2-2: Ball 3-2: Base on Balls
|
Batting: RHB Tomás Díaz
|
0-0: Called Strike 0-1: Called Strike 0-2: Ball 1-2: Fly out, F7 (Flyball, 7S)
|
Bottom of the 3rd over - 0 runs, 0 hits, 0 errors, 1 left on base; Monroe 0 - Yellowknife 0 |
TOP OF THE 4TH |
Monroe Mallards batting - Pitching for Yellowknife Claws : RHP Roberto Martínez
|
Batting: SHB Jerry Vaughn
|
0-0: DOUBLE (Line Drive, 7LD)
|
Batting: RHB Shannon Watson
|
0-0: Ball 1-0: Foul Ball, location: 2F 1-1: Ball 2-1: Swinging Strike 2-2: Ground out 4-3 (Groundball, 4) Jerry Vaughn to third
|
Batting: LHB José Trindade
|
0-0: Foul Ball, location: 2F 0-1: Ball 1-1: Swinging Strike 1-2: Strikes out swinging
|
Batting: RHB David Leslie
|
0-0: DOUBLE (Line Drive, 7LS) Jerry Vaughn scores
|
Batting: RHB Anthony O'Bryan
|
0-0: Ball 1-0: DOUBLE (Line Drive, 8LXD) David Leslie scores
|
Batting: RHB Jorge Vázquez
|
0-0: Ball 1-0: Ball 2-0: Ball 3-0: Called Strike 3-1: Foul Ball, location: 2F 3-2: Base on Balls
|
Batting: RHB Benito Bo
|
0-0: Ball 1-0: Fly out, F6 (Popup, 6M)
|
Top of the 4th over - 2 runs, 3 hits, 0 errors, 2 left on base; Monroe 2 - Yellowknife 0 |
BOTTOM OF THE 4TH |
Yellowknife Claws batting - Pitching for Monroe Mallards : RHP Esteban Trevino
|
Batting: RHB Ernesto Sánchez
|
0-0: Swinging Strike 0-1: Ball 1-1: Swinging Strike 1-2: Ball 2-2: Ball 3-2: Base on Balls
|
Batting: LHB Mike Bowers
|
0-0: Called Strike 0-1: Ball 1-1: Called Strike 1-2: Strikes out swinging
|
Batting: LHB Otis Campbell
|
0-0: Ball 1-0: Called Strike 1-1: Ball 2-1: Ball 3-1: Swinging Strike 3-2: Fly out, F9 (Line Drive, 9LD)
|
Batting: RHB Bartolo Luján
|
0-0: Ball 1-0: Ball 2-0: DOUBLE (Line Drive, 78D) Ernesto Sánchez to third Runner from 3rd tries for Home, SAFE, no throw
|
Batting: LHB Ramón Reynoso
|
0-0: Ball 1-0: Foul Ball, location: 2F 1-1: Called Strike 1-2: Ground out 4-3 (Groundball, 4M)
|
Bottom of the 4th over - 1 run, 1 hit, 0 errors, 1 left on base; Monroe 2 - Yellowknife 1 |
TOP OF THE 5TH |
Monroe Mallards batting - Pitching for Yellowknife Claws : RHP Roberto Martínez
|
Batting: RHB Jarrett Marshall
|
0-0: Foul Ball, location: 2F 0-1: Ball 1-1: SINGLE (Line Drive, 6)
|
Batting: RHB Anselmo Espinoza
|
0-0: Ball 1-0: Ball 2-0: Ball 3-0: Base on Balls Jarrett Marshall to second
|
Batting: SHB Jerry Vaughn
|
0-0: Ball 1-0: SINGLE (Line Drive, 4MD) Jarrett Marshall to third Anselmo Espinoza to second Runner from 3rd tries for Home, SAFE, no throw
|
Batting: RHB Shannon Watson
|
0-0: Ball 1-0: Ball 2-0: Called Strike 2-1: Foul Ball, location: 2F 2-2: Fly out, F3 (Popup, 34S)
|
Batting: LHB José Trindade
|
0-0: Grounds into double play, 3-6-3 (Groundball, 3)
|
Top of the 5th over - 1 run, 2 hits, 0 errors, 1 left on base; Monroe 3 - Yellowknife 1 |
BOTTOM OF THE 5TH |
Yellowknife Claws batting - Pitching for Monroe Mallards : RHP Esteban Trevino
|
Batting: RHB Mike Morrow
|
0-0: SINGLE (Groundball, 34D)
|
Batting: RHB Preston Church
|
0-0: Foul Ball, location: 2F 0-1: Foul Ball, location: 2F 0-2: Strikes out swinging
|
Batting: LHB Richard Shelton
|
0-0: Ball 1-0: Swinging Strike 1-1: Fly out, F4 (Popup, 34D)
|
Batting: RHB Tomás Díaz
|
0-0: Called Strike 0-1: Ball 1-1: SINGLE (Groundball, 6MD) Mike Morrow to second
|
Batting: RHB Ernesto Sánchez
|
0-0: SINGLE (Line Drive, 7S) Mike Morrow to third Tomás Díaz to second Runner from 3rd tries for Home, SAFE, throw made home
|
Batting: LHB Mike Bowers
|
0-0: Called Strike 0-1: Foul Ball, location: 2F 0-2: Ball 1-2: Ball 2-2: Ball 3-2: Ground out 4-3 (Groundball, 4)
|
Bottom of the 5th over - 1 run, 3 hits, 0 errors, 2 left on base; Monroe 3 - Yellowknife 2 |
TOP OF THE 6TH |
Monroe Mallards batting - Pitching for Yellowknife Claws : RHP Roberto Martínez
|
Batting: RHB David Leslie
|
0-0: Ball 1-0: Called Strike 1-1: Ball 2-1: Fly out, F8 (Line Drive, 8RS)
|
Batting: RHB Anthony O'Bryan
|
0-0: Called Strike 0-1: Swinging Strike 0-2: Ground out 6-3 (Groundball, 6)
|
Batting: RHB Jorge Vázquez
|
0-0: Called Strike 0-1: Ball 1-1: SINGLE (Groundball, 4M) (infield hit)
|
Pitching: RHP Santiago Castillo
|
|
Batting: RHB Benito Bo
|
0-0: Swinging Strike 0-1: Ball 1-1: Ball 2-1: Ball 3-1: Base on Balls Jorge Vázquez to second
|
Batting: RHB Jarrett Marshall
|
0-0: Ball 1-0: Swinging Strike 1-1: Fly out, F8 (Line Drive, 8LM)
|
Top of the 6th over - 0 runs, 1 hit, 0 errors, 2 left on base; Monroe 3 - Yellowknife 2 |
BOTTOM OF THE 6TH |
Yellowknife Claws batting - Pitching for Monroe Mallards : RHP Esteban Trevino
|
Pitching: RHP David Alomar
|
|
Batting: LHB Otis Campbell
|
0-0: Ball 1-0: Foul Ball, location: 2F 1-1: Foul Ball, location: 2F 1-2: Ground out 4-3 (Groundball, 34)
|
Batting: RHB Bartolo Luján
|
0-0: Ball 1-0: Called Strike 1-1: Ball 2-1: Ball 3-1: Fly out, F8 (Flyball, 8RD)
|
Batting: LHB Ramón Reynoso
|
0-0: Ball 1-0: Ball 2-0: Called Strike 2-1: Foul Ball, location: 2F 2-2: Foul Ball, location: 2F 2-2: Fly out, F8 (Flyball, 8LXD)
|
Bottom of the 6th over - 0 runs, 0 hits, 0 errors, 0 left on base; Monroe 3 - Yellowknife 2 |
TOP OF THE 7TH |
Monroe Mallards batting - Pitching for Yellowknife Claws : RHP Santiago Castillo
|
Batting: RHB Anselmo Espinoza
|
0-0: Ground out 4-3 (Groundball, 4)
|
Batting: SHB Jerry Vaughn
|
0-0: Foul Ball, location: 2F 0-1: Ball 1-1: Ball 2-1: Called Strike 2-2: SINGLE (Flyball, 7LS)
|
Batting: RHB Shannon Watson
|
0-0: Ball 1-0: Ball 2-0: Called Strike 2-1: Ball 3-1: Foul Ball, location: 2F 3-2: Strikes out looking
|
Batting: LHB José Trindade
|
0-0: Swinging Strike 0-1: Fly out, F7 (Line Drive, 7LM)
|
Top of the 7th over - 0 runs, 1 hit, 0 errors, 1 left on base; Monroe 3 - Yellowknife 2 |
BOTTOM OF THE 7TH |
Yellowknife Claws batting - Pitching for Monroe Mallards : RHP David Alomar
|
Pitching: LHP Roberto Mercado
|
|
Batting: RHB Mike Morrow
|
0-0: Ball 1-0: Ball 2-0: Foul Ball, location: 2F 2-1: Foul Ball, location: 2F 2-2: SINGLE (Line Drive, 6D)
|
Batting: RHB Preston Church
|
0-0: Ball 1-0: Called Strike 1-1: Grounds into double play, 5-4-3 (Groundball, 56)
|
Batting: LHB Richard Shelton
|
0-0: SINGLE (Line Drive, 3L)
|
Batting: RHB Tomás Díaz
|
0-0: Called Strike 0-1: Foul Ball, location: 2F 0-2: Ball 1-2: Strikes out looking
|
Bottom of the 7th over - 0 runs, 2 hits, 0 errors, 1 left on base; Monroe 3 - Yellowknife 2 |
TOP OF THE 8TH |
Monroe Mallards batting - Pitching for Yellowknife Claws : RHP Santiago Castillo
|
Batting: RHB David Leslie
|
0-0: SINGLE (Line Drive, 4MD)
|
Batting: RHB Anthony O'Bryan
|
0-0: Bunted foul 0-1: Sac Bunt - play at first, batter OUT! 1-4 David Leslie to second
|
Batting: RHB Jorge Vázquez
|
0-0: Ball 1-0: DOUBLE (Line Drive, 5D) David Leslie scores
|
Batting: RHB Benito Bo
|
0-0: Intentional Walk
|
Batting: RHB Jarrett Marshall
|
0-0: Ball Jorge Vázquez steals 3rd base Benito Bo to second 1-0: Called Strike 1-1: Called Strike 1-2: Foul Ball, location: 2F 1-2: Foul Ball, location: 2F 1-2: Ball 2-2: Strikes out looking
|
Batting: RHB Anselmo Espinoza
|
0-0: Ball 1-0: Called Strike 1-1: Ball 2-1: Ball 3-1: SINGLE (Groundball, 56) (infield hit) Jorge Vázquez scores Benito Bo to third
|
Batting: SHB Jerry Vaughn
|
0-0: Fly out, F8 (Line Drive, 8RM)
|
Top of the 8th over - 2 runs, 3 hits, 0 errors, 2 left on base; Monroe 5 - Yellowknife 2 |
BOTTOM OF THE 8TH |
Yellowknife Claws batting - Pitching for Monroe Mallards : LHP Roberto Mercado
|
Batting: RHB Ernesto Sánchez
|
0-0: Ball 1-0: Fly out, F8 (Line Drive, 8RXD)
|
Batting: LHB Mike Bowers
|
0-0: Ball 1-0: Ball 2-0: Foul Ball, location: 2F 2-1: Foul Ball, location: 2F 2-2: Ground out 5-3 (Groundball, 56)
|
Batting: LHB Otis Campbell
|
0-0: Ball 1-0: Swinging Strike 1-1: SINGLE (Groundball, 6D)
|
Batting: RHB Bartolo Luján
|
0-0: DOUBLE (Line Drive, 78D) Otis Campbell to third
|
Batting: LHB Ramón Reynoso
|
0-0: Ball 1-0: Ball 2-0: Foul Ball, location: 2F 2-1: Ball 3-1: Swinging Strike 3-2: Base on Balls
|
Batting: RHB Mike Morrow
|
0-0: Foul Ball, location: 2F 0-1: Swinging Strike 0-2: Ball 1-2: Ball 2-2: Foul Ball, location: 2F 2-2: Foul Ball, location: 2F 2-2: Foul Ball, location: 2F 2-2: Ball 3-2: Foul Ball, location: 2F 3-2: DOUBLE (Flyball, 8LXD) Otis Campbell scores Bartolo Luján scores Ramón Reynoso to third Ramón Reynoso scores
|
Batting: RHB Preston Church
|
0-0: SINGLE (Groundball, 15S) (infield hit) Mike Morrow to third
|
Batting: LHB Richard Shelton
|
0-0: Called Strike 0-1: Ground out 4-3 (Groundball, 4)
|
Bottom of the 8th over - 3 runs, 4 hits, 0 errors, 2 left on base; Monroe 5 - Yellowknife 5 |
TOP OF THE 9TH |
Monroe Mallards batting - Pitching for Yellowknife Claws : RHP Santiago Castillo
|
Batting: RHB Shannon Watson
|
0-0: Swinging Strike 0-1: Ball 1-1: Swinging Strike 1-2: Foul Ball, location: 2F 1-2: Foul Ball, location: 2F 1-2: Ball 2-2: Strikes out swinging
|
Pitching: LHP Germán Ramírez
|
|
Batting: LHB José Trindade
|
0-0: Called Strike 0-1: Fly out, F5 (Popup, 56)
|
Batting: RHB David Leslie
|
0-0: Swinging Strike 0-1: Foul Ball, location: 2F 0-2: Strikes out swinging
|
Top of the 9th over - 0 runs, 0 hits, 0 errors, 0 left on base; Monroe 5 - Yellowknife 5 |
BOTTOM OF THE 9TH |
Yellowknife Claws batting - Pitching for Monroe Mallards : LHP Roberto Mercado
|
Pitching: RHP Carlos Molina
|
|
Pinch Hitting: RHB Neal Sánchez
|
0-0: Fly out, F8 (Flyball, 78M)
|
Pinch Hitting: SHB David Stanley
|
0-0: Ball 1-0: Called Strike 1-1: Called Strike 1-2: Foul Ball, location: 2F 1-2: SINGLE (Flyball, 89S)
|
Batting: LHB Mike Bowers
|
0-0: Ball 1-0: Called Strike 1-1: Ball 2-1: Swinging Strike 2-2: Strikes out swinging
|
Batting: LHB Otis Campbell
|
0-0: Ball 1-0: Ball 2-0: Called Strike 2-1: Ball 3-1: Foul Ball, location: 2F 3-2: Fly out, F1 (Line Drive, 13)
|
Bottom of the 9th over - 0 runs, 1 hit, 0 errors, 1 left on base; Monroe 5 - Yellowknife 5 |
TOP OF THE 10TH |
Monroe Mallards batting - Pitching for Yellowknife Claws : LHP Germán Ramírez
|
Now at 2B: Guido Sedas
|
|
Now at 3B: Fermín López
|
|
Batting: RHB Anthony O'Bryan
|
0-0: Called Strike 0-1: Ball 1-1: Ground out 5-3 (Groundball, 5S)
|
Batting: RHB Jorge Vázquez
|
0-0: Fly out, F8 (Flyball, 8LS)
|
Batting: RHB Benito Bo
|
0-0: Ball 1-0: Fly out, F7 (Flyball, 7S)
|
Top of the 10th over - 0 runs, 0 hits, 0 errors, 0 left on base; Monroe 5 - Yellowknife 5 |
BOTTOM OF THE 10TH |
Yellowknife Claws batting - Pitching for Monroe Mallards : RHP Carlos Molina
|
Batting: RHB Bartolo Luján
|
0-0: Ball 1-0: Called Strike 1-1: Foul Ball, location: 2F 1-2: Strikes out looking
|
Batting: LHB Ramón Reynoso
|
0-0: Ball 1-0: Ground out 3-1 (Groundball, 34)
|
Batting: RHB Mike Morrow
|
0-0: Called Strike 0-1: Ball 1-1: Foul Ball, location: 2F 1-2: Ball 2-2: Foul Ball, location: 2F 2-2: Fly out, F9 (Flyball, 9LMF)
|
Bottom of the 10th over - 0 runs, 0 hits, 0 errors, 0 left on base; Monroe 5 - Yellowknife 5 |
TOP OF THE 11TH |
Monroe Mallards batting - Pitching for Yellowknife Claws : LHP Germán Ramírez
|
Batting: RHB Jarrett Marshall
|
0-0: Ball 1-0: Ground out 6-3 (Groundball, 6)
|
Batting: RHB Anselmo Espinoza
|
0-0: Foul Ball, location: 2F 0-1: Fly out, F2 (Popup, 23F)
|
Batting: SHB Jerry Vaughn
|
0-0: Fly out, F8 (Flyball, 8LD)
|
Top of the 11th over - 0 runs, 0 hits, 0 errors, 0 left on base; Monroe 5 - Yellowknife 5 |
BOTTOM OF THE 11TH |
Yellowknife Claws batting - Pitching for Monroe Mallards : RHP Carlos Molina
|
Batting: RHB Preston Church
|
0-0: Fly out, F2 (Popup, 13S)
|
Batting: LHB Richard Shelton
|
0-0: Called Strike 0-1: Called Strike 0-2: Foul Ball, location: 2F 0-2: Ball 1-2: Ball 2-2: Fly out, F3 (Popup, 34)
|
Pinch Hitting: RHB Jesús Nieves
|
0-0: Ball 1-0: Ball 2-0: Foul Ball, location: 2F 2-1: Called Strike 2-2: Fly out, F8 (Flyball, 8LS)
|
Bottom of the 11th over - 0 runs, 0 hits, 0 errors, 0 left on base; Monroe 5 - Yellowknife 5 |
TOP OF THE 12TH |
Monroe Mallards batting - Pitching for Yellowknife Claws : RHP Gian-Carlo Ballan
|
Pitching: RHP Gian-Carlo Ballan
|
|
Now at 2B: Francisco Montoya
|
|
Batting: RHB Shannon Watson
|
0-0: Ball 1-0: Ball 2-0: Ball 3-0: Called Strike 3-1: Base on Balls
|
Pinch Runner at 1st Héctor Vega:
|
|
Batting: LHB José Trindade
|
0-0: Grounds into double play, 5-4-3 (Groundball, 56)
|
Batting: RHB David Leslie
|
0-0: Ball 1-0: Foul Ball, location: 2F 1-1: Fly out, F9 (Line Drive, 89S)
|
Top of the 12th over - 0 runs, 0 hits, 0 errors, 0 left on base; Monroe 5 - Yellowknife 5 |
BOTTOM OF THE 12TH |
Yellowknife Claws batting - Pitching for Monroe Mallards : RHP Carlos Molina
|
Now at SS: Héctor Vega
|
|
Pinch Hitting: RHB Enrico Mercado
|
0-0: Called Strike 0-1: Foul Ball, location: 2F 0-2: Ball 1-2: SINGLE (Groundball, 56D)
|
Pinch Runner at 1st Adam Carpenter:
|
|
Batting: LHB Mike Bowers
|
0-0: Ball 1-0: Bunted foul 1-1: Sac Bunt - play at first, batter OUT! 1-4 Adam Carpenter to second
|
Batting: LHB Otis Campbell
|
0-0: Ball 1-0: Ball 2-0: Called Strike 2-1: Swinging Strike 2-2: Foul Ball, location: 2F 2-2: Ground out 4-3 (Groundball, 4) Adam Carpenter to third
|
Batting: RHB Bartolo Luján
|
0-0: SINGLE (Groundball, 6D) Adam Carpenter scores
|
Saturday, April 7th, 2018 - OOTP Baseball 18.8 Build 76
|
|